Map: Lightshade LE

Players

Seither

  • Race: Terran Terran

MeomaikA - Winner!

  • Race: Zerg Zerg

Event: DreamHack SC2 Masters 2021 Fall

VOD

Have the link to the VOD?

Description

Time

  • Played on: Aug. 1, 2021, 4:56 a.m.
  • Length: 25:28

All games in this series

Show
View Real Time Build Order
Export as new Build Order

Seither Terran 

Build Orders: Reaper Expand 

Get SALT Encoding   

  12  0:00  SCV  
  13  0:12  SCV  
  14  0:17  Supply Depot  
  14  0:24  SCV  
  15  0:39  SCV, Barracks  
  16  0:44  Refinery  
  16  0:51  SCV  
  17  1:03  SCV  
  18  1:15  SCV  
  19  1:27  Reaper  
  19  1:28  Orbital Command  
  20  1:42  Command Center  
  20  1:51  Supply Depot  
  20  1:54  SCV  
  20  1:59  Marine  
  22  2:06  SCV  
  23  2:10  Factory  
  23  2:17  Refinery  
  23  2:18  SCV  
  24  2:23  Barracks Reactor  
  24  2:30  SCV  
  25  2:43  SCV  
  26  2:55  SCV, Orbital Command  
  26  2:56  Starport  
  27  3:05  Hellion x2  
  31  3:07  SCV  
  31  3:11  Barracks Tech Lab  
  32  3:19  SCV  
  33  3:22  SCV  
  34  3:28  Hellion x2  
  34  3:29  Supply Depot  
  34  3:31  SCV  
  39  3:37  Marine, Viking  
  39  3:39  SCV  
  43  3:43  SCV, Stimpack  
  44  3:51  SCV  
  44  3:52  Supply Depot  
  44  3:55  SCV  
  46  4:03  SCV, Barracks  
  46  4:07  SCV, Barracks, Factory Tech Lab  
  47  4:10  Marine  
  47  4:16  Engineering Bay  
  48  4:18  Supply Depot, SCV  
  48  4:19  SCV  
  50  4:25  Starport Reactor  
  50  4:27  Siege Tank  
  50  4:28  Marine  
  50  4:30  SCV  
  55  4:31  SCV  
  55  4:34  Refinery  
  56  4:40  Supply Depot  
  56  4:43  Terran Infantry Weapons Level 1  
  56  4:46  SCV x2  
  58  4:56  Marine  
  59  5:06  Marine x2  
  61  5:07  SCV x2  
  61  5:08  Command Center  
  61  5:09  Starport Reactor  
  61  5:11  Supply Depot  
  61  5:12  Marine x2  
  65  5:16  Siege Tank  
  65  5:20  Supply Depot  
  68  5:21  Marine  
  68  5:23  SCV x2  
  68  5:26  Refinery, Combat Shield  
  71  5:30  Marine x3  
  71  5:33  Supply Depot  
  74  5:36  Marine  
  74  5:37  SCV  
  74  5:39  Marine  
  74  5:40  SCV  
  78  5:47  Medivac  
  78  5:48  Siege Tank  
  83  5:54  Medivac  
  83  5:55  Marine x4  
  83  5:57  Marine  
  89  6:00  Supply Depot  
  89  6:02  SCV x2  
  92  6:08  Supply Depot  
  92  6:12  Marine  
  92  6:13  Marine  
  92  6:16  Marine x2  
  96  6:22  Orbital Command  
  96  6:30  Marine x2  
  96  6:31  Siege Tank  
  101  6:33  SCV x2  
  101  6:39  Terran Infantry Armor Level 1, Marine x2  
  104  6:40  Orbital Command, Medivac  
  104  6:41  Supply Depot, Medivac  
  109  6:54  Barracks  
  109  6:55  Barracks  
  109  6:59  SCV x2  
  111  7:02  Marine, Supply Depot  
  111  7:03  Marine x4  
  116  7:10  Supply Depot  
  116  7:16  SCV x3  
  116  7:18  Medivac  
  116  7:20  Marine x2  
  121  7:23  Medivac  
  121  7:27  Armory  
  124  7:30  SCV x2, Engineering Bay  
  124  7:33  Supply Depot  
  125  7:37  Marine x2  
  125  7:38  Siege Tank  
  125  7:40  Supply Depot  
  125  7:41  SCV  
  125  7:42  SCV  
  125  7:43  Barracks Reactor  
  132  7:44  Barracks Reactor  
  132  7:50  SCV  
  133  7:53  SCV  
  133  7:55  Marine, Medivac x2  
  133  7:56  Marine, Supply Depot  
  139  8:07  Marine  
  139  8:08  Marine x2  
  142  8:12  Command Center  
  142  8:13  Marine  
  142  8:16  SCV x2, Supply Depot  
  142  8:17  Refinery  
  142  8:18  Refinery  
  145  8:20  Supply Depot  
  145  8:25  Marine x2  
  145  8:26  Marine x2, Terran Infantry Weapons Level 2  
  147  8:27  Terran Vehicle Weapons Level 1  
  147  8:31  Factory  
  147  8:36  SCV x2  
  149  8:42  Marine x3  
  149  8:43  Supply Depot  
  149  8:45  Marine  
  149  8:46  Marine x2, Terran Infantry Armor Level 2  
  149  8:47  Siege Tank  
  158  8:53  Barracks x2  
  158  8:54  Supply Depot, Barracks  
  158  8:57  Sensor Tower  
  158  8:59  Marine x4, Medivac  
  158  9:00  Marine  
  165  9:08  SCV x3, Missile Turret  
  168  9:13  Marine x3  
  168  9:14  Marine, Bunker  
  172  9:20  SCV x2  
  172  9:21  SCV  
  175  9:24  Siege Tank  
  175  9:26  Factory Tech Lab  
  178  9:36  Command Center  
  178  9:37  Sensor Tower  
  178  9:39  Marine x3  
  178  9:41  Barracks Tech Lab x3  
  178  9:43  Medivac x2  
  181  9:49  Marine x4  
  181  9:50  Siege Tank  
  182  9:56  Siege Tank  
  185  10:08  Marine x3, Marauder x3  
  185  10:11  Planetary Fortress  
  194  10:14  Sensor Tower  
  194  10:16  Marine x2, Marauder  
  194  10:17  Medivac  
  200  10:28  Marine  
  199  10:33  Factory  
  200  10:36  Refinery  
  200  10:38  Refinery  
  197  10:43  Concussive Shells, Marauder  
  199  10:59  Command Center  
  199  11:01  Command Center  
  199  11:04  Command Center, Missile Turret  
  199  11:10  Missile Turret  
  199  11:17  Terran Vehicle Weapons Level 2  
  199  11:19  Factory Reactor  
  199  11:28  Terran Infantry Weapons Level 3  
  199  11:29  Ghost Academy  
  199  11:36  Planetary Fortress  
  199  11:50  Sensor Tower  
  199  11:51  Marauder x3  
  199  11:52  Drilling Claws  
  197  11:59  Widow Mine x2, Barracks  
  197  12:00  Barracks  
  191  12:16  Orbital Command x2  
  191  12:20  Planetary Fortress  
  191  12:23  Missile Turret  
  185  12:31  Orbital Command  
  185  12:39  Siege Tank x2  
  185  12:40  Widow Mine x2  
  195  12:45  Refinery  
  195  12:46  Sensor Tower, Missile Turret  
  195  12:47  Refinery  
  195  12:48  Barracks Tech Lab x2  
  193  13:06  Sensor Tower  
  193  13:16  Siege Tank x2, Ghost  
  193  13:19  Personal Cloaking  
  200  13:26  Widow Mine x2, Marauder x3  
  176  13:27  Marauder x2  
  176  13:31  Marine x4  
  176  13:32  Marine  
  161  13:34  Marine x2  
  161  13:35  Marine  
  161  13:41  Orbital Command  
  154  13:46  Marauder  
  154  13:47  Marine, Widow Mine x2  
  154  13:48  Marine, Widow Mine, Marauder x3  
  170  13:49  Marine x2  
  172  13:57  Marine x2  
  172  13:58  Marine x4  
  172  13:59  Orbital Command  
  172  14:00  Siege Tank  
  171  14:06  Marauder x2  
  171  14:07  Marine, Marauder  
  178  14:12  Command Center  
  178  14:14  Siege Tank  
  178  14:15  Marauder x3  
  187  14:18  SCV  
  187  14:19  SCV x4  
  192  14:27  Marauder  
  194  14:34  Marine x2, SCV, Widow Mine  
  194  14:38  Marine  
  200  15:05  Sensor Tower  
  200  15:20  Marauder  
  200  15:21  Marauder  
  200  15:24  Refinery  
  200  15:26  SCV x2  
  200  15:28  Refinery  
  138  15:32  Marine x3, Marauder x4  
  143  15:39  Widow Mine  
  143  15:40  Widow Mine x3  
  143  15:41  Marauder  
  155  15:43  Marauder  
  155  15:44  SCV x2  
  155  15:47  SCV x2  
  159  15:56  SCV  
  160  16:01  Widow Mine x2, Planetary Fortress, Siege Tank x2  
  170  16:07  Marine  
  171  16:11  Marine x4, Supply Depot  
  171  16:12  Marauder  
  177  16:22  Widow Mine  
  179  16:31  Command Center  
  177  16:46  Marauder x2  
  177  16:47  Widow Mine x2, Marauder x2  
  187  16:58  Widow Mine  
  187  16:59  Widow Mine  
  187  17:00  Medivac x2  
  195  17:02  Supply Depot  
  195  17:04  Refinery  
  195  17:08  Refinery  
  195  17:19  Command Center  
  195  17:24  Widow Mine  
  184  18:01  Widow Mine x4  
  184  18:02  Marauder x2  
  189  18:21  Sensor Tower  
  189  18:22  Siege Tank x2  
  185  18:55  Missile Turret  
  185  18:57  Marine  
  185  18:58  Marine x2, Marauder x3  
  185  18:59  Widow Mine x2  
  183  19:02  Medivac  
  183  19:03  Medivac  
  183  19:04  Marine x4, Planetary Fortress, Marauder x2  
  183  19:05  Marauder  
  183  19:06  SCV  
  183  19:07  SCV  
  190  19:19  Marauder  
  192  19:24  Planetary Fortress  
  192  19:26  Sensor Tower  
  192  19:33  SCV x3  
  192  19:36  Widow Mine x2  
  199  19:51  Orbital Command  
  199  19:53  Widow Mine x2  
  199  20:05  Marine  
  199  20:06  Marine x2, Marauder x3  
  167  20:07  Widow Mine x2  
  167  20:12  SCV x2  
  159  20:14  Widow Mine x2  
  159  20:29  Widow Mine x2  
  159  20:35  Siege Tank x2  
  169  20:37  Medivac  
  169  20:38  Marine x2, Marauder  
  169  20:39  Marauder  
  177  20:44  Orbital Command  
  177  20:50  Widow Mine x2  
  181  20:59  Marine, Marauder  
  181  21:00  Marauder x2  
  188  21:07  Widow Mine  
  188  21:08  Widow Mine  
  188  21:11  Sensor Tower  
  192  21:17  SCV x2  
  194  21:20  Supply Depot  
  192  21:32  Marauder  
  194  21:34  Marauder  
  195  21:42  Widow Mine, Marauder  
  199  21:49  Widow Mine  
  193  21:54  Widow Mine x2  
  191  22:06  Marine x2, Marauder  
  191  22:07  Marauder  
  195  22:14  Marine x4, Marauder x2  
  195  22:15  Widow Mine x2, Marauder x2  
  175  22:17  Widow Mine x2  
  175  22:19  Marine x2  
  144  22:24  Marine x2  
  144  22:27  Marine x2  
  140  22:42  Widow Mine x2, Siege Tank x2  
  150  22:49  Command Center  
  150  22:51  Sensor Tower  
  118  23:18  Marine  
  118  23:19  Marine x2, Marauder x3  
  108  23:20  Siege Tank x2  
  108  23:21  Widow Mine  
  111  23:29  Widow Mine  
  113  23:41  Marine x3, Marauder x2  
  117  23:42  Widow Mine, Marauder  
  124  23:52  Siege Tank  
  127  23:59  Widow Mine x2  
  127  24:01  Orbital Command  
  129  24:10  Marine  
  129  24:11  Marauder  
  132  24:20  Siege Tank  
  129  24:24  Siege Tank  
  103  24:31  Marine  
  103  24:32  Marine x3, Marauder x2  
  103  24:36  Marine  
  107  24:42  Marine  
  107  24:43  Marine  
Show
View Real Time Build Order
Export as new Build Order

MeomaikA Zerg - Winner!

Build Orders: Hatch First 

Get SALT Encoding   

  12  0:00  Drone  
  13  0:07  Drone  
  14  0:16  Overlord  
  14  0:24  Extractor, Drone  
  15  0:34  Drone x2  
  17  0:51  Hatchery  
  17  0:54  Drone  
  17  0:57  Drone  
  18  1:04  Extractor  
  17  1:12  Spawning Pool  
  17  1:15  Drone  
  17  1:18  Drone  
  18  1:26  Drone  
  19  1:36  Overlord  
  19  1:48  Drone  
  20  1:58  Queen, Drone  
  23  2:02  Queen  
  23  2:03  Drone  
  23  2:05  Metabolic Boost  
  26  2:09  Drone  
  27  2:28  Hatchery  
  25  2:30  Drone  
  25  2:32  Drone  
  27  2:38  Drone  
  27  2:44  Drone x2  
  29  2:47  Drone  
  31  2:51  Drone  
  31  2:58  Drone, Evolution Chamber  
  32  3:02  Overlord  
  32  3:05  Drone  
  33  3:09  Drone  
  34  3:16  Lair  
  34  3:19  Drone x2  
  36  3:22  Drone  
  36  3:26  Zerg Melee Weapons Level 1  
  37  3:28  Zergling x2  
  37  3:30  Zergling x2  
  37  3:33  Drone  
  37  3:34  Drone  
  41  3:37  Extractor, Drone  
  41  3:39  Zergling x2  
  42  3:41  Zergling x2  
  42  3:45  Zergling x4  
  42  3:48  Drone  
  46  3:49  Drone  
  46  3:52  Drone  
  46  3:55  Drone x2  
  50  4:07  Overlord  
  50  4:12  Extractor, Evolution Chamber  
  50  4:14  Drone x2  
  50  4:18  Hydralisk Den  
  50  4:19  Drone  
  50  4:20  Overlord  
  50  4:23  Overlord  
  50  4:25  Overlord  
  50  4:27  Drone x2  
  50  4:28  Drone  
  50  4:30  Drone  
  50  4:31  Overseer  
  54  4:37  Drone  
  54  4:38  Drone x3  
  58  4:47  Drone x4  
  58  4:51  Muscular Augments  
  62  4:54  Zerg Ground Armor Level 1  
  62  4:56  Queen  
  64  5:00  Zergling x4  
  64  5:02  Zergling x2  
  64  5:03  Zergling x2  
  64  5:06  Spore Crawler  
  67  5:09  Spore Crawler  
  67  5:10  Drone x2  
  68  5:14  Hydralisk  
  68  5:17  Drone  
  68  5:18  Extractor, Drone x2  
  72  5:23  Spore Crawler  
  72  5:24  Zerg Melee Weapons Level 2  
  72  5:26  Hydralisk  
  73  5:29  Drone  
  74  5:36  Overlord x3  
  74  5:46  Overlord  
  74  5:48  Extractor  
  73  5:52  Drone  
  73  5:54  Overlord  
  73  5:55  Drone x3  
  73  5:56  Drone x5, Hydralisk  
  84  5:57  Hydralisk  
  84  6:01  Hydralisk  
  84  6:03  Grooved Spines  
  88  6:05  Drone  
  88  6:07  Hydralisk  
  88  6:09  Hydralisk  
  92  6:20  Hydralisk  
  92  6:22  Zergling x2, Hatchery  
  92  6:23  Hydralisk  
  94  6:28  Hydralisk  
  94  6:29  Zergling x2  
  94  6:31  Overlord  
  97  6:33  Zergling x2  
  97  6:34  Zergling x2  
  97  6:36  Drone x2  
  102  6:40  Zergling x4, Baneling Nest  
  102  6:41  Zergling x2  
  102  6:43  Zergling x2  
  102  6:44  Zergling x4  
  106  6:49  Zerg Ground Armor Level 2  
  106  6:51  Zergling x2  
  106  6:52  Zergling x2  
  106  6:53  Zergling x2  
  106  6:54  Zergling x2  
  110  6:55  Zergling x2  
  110  6:56  Zergling x2  
  110  6:59  Zergling x4  
  110  7:01  Hydralisk  
  112  7:05  Queen  
  112  7:08  Drone x4  
  120  7:13  Hydralisk  
  122  7:19  Overlord x3  
  122  7:20  Overlord  
  122  7:23  Overlord  
  122  7:30  Infestation Pit  
  122  7:32  Drone  
  122  7:37  Drone  
  122  7:38  Drone x3  
  122  7:39  Drone x3, Hydralisk  
  122  7:40  Zerg Missile Weapons Level 1  
  122  7:43  Hydralisk x2  
  135  7:50  Drone x2  
  135  7:54  Hydralisk  
  135  7:55  Zergling x2, Hydralisk  
  135  7:56  Zergling x2  
  135  7:57  Zergling x2  
  142  7:59  Zergling x4  
  142  8:00  Zergling x2  
  142  8:01  Hatchery  
  145  8:12  Hydralisk x2  
  145  8:13  Zergling x2, Hydralisk x2  
  145  8:15  Zergling x2  
  145  8:16  Zergling x4  
  157  8:25  Zergling x10  
  157  8:26  Centrifical Hooks  
  160  8:29  Zergling x6  
  160  8:30  Zergling x4  
  160  8:33  Overlord  
  165  8:36  Hive  
  165  8:40  Spine Crawler, Overlord x2  
  165  8:41  Zergling x2  
  163  8:46  Drone x4  
  167  8:48  Overlord  
  167  8:52  Zergling x4  
  169  8:58  Zergling x4  
  169  9:02  Baneling  
  171  9:03  Baneling x33  
  171  9:05  Zergling x4  
  171  9:06  Zergling x2  
  171  9:08  Overlord  
  174  9:10  Zergling x4  
  174  9:16  Zergling x4  
  174  9:17  Zergling x14  
  185  9:27  Drone x2  
  187  9:48  Zerg Ground Armor Level 3  
  187  9:50  Viper, Zerg Melee Weapons Level 3  
  187  9:51  Zergling x22  
  187  9:52  Overlord  
  199  9:54  Extractor  
  199  9:55  Drone  
  199  9:59  Overseer  
  199  10:00  Pneumatized Carapace  
  199  10:05  Hatchery  
  198  10:50  Overseer  
  198  10:54  Baneling x24  
  198  10:59  Extractor  
  197  11:17  Zergling x4  
  199  11:22  Adrenal Glands  
  178  11:57  Zergling x2, Baneling x44  
  178  11:58  Zergling x40  
  199  12:08  Spine Crawler  
  199  12:10  Zergling x2, Spine Crawler x2  
  199  12:11  Spine Crawler  
  196  12:31  Zerg Missile Weapons Level 2  
  181  13:09  Baneling x45  
  178  13:26  Zergling x2  
  156  13:27  Zergling x4  
  156  13:28  Zergling x2  
  156  13:29  Zergling x4  
  145  13:38  Zergling x20  
  145  13:39  Zergling x42  
  145  13:41  Zergling x6  
  167  13:42  Zergling x2  
  170  13:53  Zergling x2  
  170  13:54  Zergling x2  
  149  13:57  Zergling x2  
  149  13:58  Zergling x2  
  122  14:03  Baneling  
  122  14:04  Zergling x2, Baneling x45  
  122  14:05  Zergling x14  
  130  14:11  Zergling x6, Extractor  
  130  14:12  Extractor  
  130  14:13  Zergling x6  
  130  14:16  Baneling  
  130  14:17  Baneling x9  
  134  14:23  Zergling x6  
  137  14:24  Zergling x6  
  140  14:34  Baneling x12  
  140  14:35  Zergling x10, Baneling  
  140  14:37  Zergling x6, Overseer  
  148  14:40  Zergling x6  
  148  14:42  Zergling x2  
  148  14:43  Zergling x4  
  148  14:44  Zergling x6  
  148  14:45  Zergling x4  
  159  14:48  Zergling x2  
  159  14:49  Zergling x4, Queen  
  159  14:50  Zergling x2  
  159  14:51  Spore Crawler  
  164  14:53  Queen, Spine Crawler  
  164  14:54  Zergling x4, Spine Crawler  
  164  14:56  Zergling x6  
  164  14:58  Zergling x2  
  164  14:59  Zerg Missile Weapons Level 3  
  170  15:04  Zergling x6  
  170  15:06  Zergling x2  
  170  15:07  Zergling x2  
  175  15:08  Zergling x10  
  175  15:09  Zergling x2  
  175  15:10  Zergling x2  
  175  15:14  Zergling x4  
  183  15:17  Zergling x4  
  183  15:18  Zergling x4  
  159  15:24  Zergling x2  
  159  15:25  Zergling x4  
  159  15:26  Zergling x2  
  159  15:27  Zergling x6  
  135  15:29  Zergling x2, Hydralisk  
  135  15:31  Hydralisk  
  135  15:32  Hydralisk  
  135  15:33  Hydralisk x3  
  140  15:37  Hydralisk x2  
  140  15:38  Hydralisk x3  
  140  15:39  Overseer x4, Hydralisk x3  
  140  15:41  Hydralisk  
  140  15:42  Baneling x6  
  158  15:43  Zergling x2, Baneling x10  
  158  15:44  Zergling x2  
  158  15:46  Zergling x2  
  158  15:48  Zergling x10  
  158  15:49  Spore Crawler  
  165  15:52  Hydralisk  
  165  15:53  Hydralisk  
  165  15:55  Zergling x4  
  171  15:58  Drone x2  
  171  16:03  Hydralisk x4  
  181  16:04  Zergling x2  
  181  16:05  Zergling x2, Baneling x8  
  181  16:06  Zergling x6  
  181  16:11  Zergling x2  
  187  16:13  Overlord  
  187  16:14  Overlord x2  
  172  16:51  Zergling x54  
  172  16:53  Baneling x39  
  199  17:01  Overseer  
  199  17:03  Overseer  
  199  17:52  Overseer x2  
  156  18:06  Viper x4  
  156  18:07  Zergling x64  
  200  18:39  Hatchery  
  199  18:53  Overseer x2  
  199  18:54  Overseer  
  163  19:04  Zergling x2  
  163  19:06  Zergling x2  
  163  19:07  Zergling x70  
  163  19:08  Zergling x2  
  191  19:13  Zergling x2  
  191  19:14  Zergling x2  
  191  19:15  Zergling x2  
  186  20:06  Zergling x50  
  166  20:09  Zergling x2  
  166  20:10  Zergling x6  
  166  20:12  Zergling x2  
  158  20:17  Hydralisk x4  
  158  20:18  Hydralisk  
  158  20:19  Zergling x2  
  163  20:22  Hydralisk x3  
  163  20:25  Baneling x21  
  163  20:26  Zergling x2  
  163  20:28  Zergling x8  
  173  20:29  Zergling x2  
  173  20:32  Baneling  
  173  20:33  Zergling x2, Baneling x30  
  173  20:34  Zergling x2  
  177  20:37  Zergling x4  
  177  20:41  Hydralisk x3  
  177  20:42  Hydralisk x3  
  191  20:44  Drone  
  192  21:03  Zergling x10  
  197  21:06  Hatchery  
  181  22:11  Zergling x64  
  183  22:16  Zergling x4  
  183  22:17  Zergling x2  
  183  22:19  Zergling x22  
  183  22:22  Zergling x2  
  168  22:23  Zergling x2, Hydralisk x3  
  168  22:27  Hydralisk  
  168  22:28  Hydralisk x2  
  169  22:31  Hydralisk x3  
  169  22:32  Overseer  
  169  22:33  Hydralisk x3  
  169  22:34  Hydralisk x2  
  169  22:36  Hydralisk x2  
  185  22:37  Hydralisk  
  185  22:39  Baneling x20  
  185  22:41  Zergling x6  
  192  22:48  Overseer  
  192  22:49  Hydralisk x3  
  198  22:52  Zergling x2, Overseer  
  160  23:13  Zergling x2  
  160  23:16  Overseer  
  160  23:18  Zergling x56  
  172  23:21  Zergling x2  
  172  23:23  Zergling x2  
  172  23:26  Zergling x2, Overseer  
  172  23:27  Zergling x6  
  172  23:28  Zergling x2  
  172  23:29  Zergling x4  
  172  23:30  Zergling x2  
  172  23:31  Zergling x4  
  172  23:32  Zergling x2  
  181  23:36  Zergling x14  
  181  23:37  Zergling x4  
  181  23:40  Zergling x4  
  192  23:45  Baneling x6  
  192  23:46  Baneling x20  
  179  24:14  Overlord  
  150  24:34  Zergling x60  
  172  24:40  Zergling x2  
  172  24:42  Zergling x2  
  171  24:45  Zergling x2  
  171  24:50  Zergling x2  
  171  24:51  Zergling x14  
  175  24:54  Zergling x2  
  175  24:56  Zergling x2  
  175  24:57  Zergling x2  
  175  24:58  Zergling x2  

Tags
 
Add a new tag
Caveats
  • Supply blocks, unpowered buildings, or Contaminate may cause inaccurate times.
  • Supply counts are checked every 10 seconds.